 Dungeon Crawl Stone Soup version 0.30.1-11-g7821555f0a (webtiles) character file.

Game seed: 3918977859392188255

95 Martska the Trooper (level 4, -1/37 HPs)
             Began as a Human Monk on Dec 4, 2023.
             Slain by a river rat (3 damage)
             ... in a sewer.
             The game lasted 00:03:22 (2459 turns).

Martska the Trooper (Human Monk)                    Turns: 2459, Time: 00:03:23

Health: -1/37      AC:  3    Str: 13    XL:     4   Next: 97%
Magic:  4/4        EV: 13    Int: 10    God:
Gold:   57         SH:  0    Dex: 16    Spells: 3/3 levels left

rFire   . . .        g - +0 mace
rCold   . . .        (no shield)
rNeg    . . .        n - +0 leather armour
rPois   .            (no helmet)
rElec   .            (no cloak)
rCorr   .            (no gloves)
SInv    .            (no boots)
Will    .....        (no amulet)
Stlth   ++           (no ring)
HPRegen 0.26/turn    (no ring)
MPRegen 0.09/turn

%: no passive effects
@: no status effects
A: no striking features
a: no special abilities


You were in a sewer.
You visited 1 branch of the dungeon, and saw 3 of its levels.
You also visited: Sewer.

You collected 57 gold pieces.

Inventory:

Hand Weapons
 d - a +0 dagger
 g - a +0 mace (weapon)
Armour
 a - a +0 robe
 c - an orb of light
 n - a +0 leather armour (worn)
Jewellery
 m - a ring of magical power
Scrolls
 j - a scroll of magic mapping {unknown}
 o - a scroll of noise {unknown}
 p - a scroll of brand weapon {unknown}
Potions
 b - a potion of ambrosia
 f - 3 potions of curing
 h - a potion of attraction {unknown}
 i - a potion of degeneration {unknown}
 k - a potion of haste {unknown}
 l - 2 potions of mutation


   Skills:
 * Level 3.8 Fighting
 * Level 3.8 Dodging
 + Level 1.3 Stealth
 * Level 3.7 Unarmed Combat


You had 3 spell levels left.
You didn't know any spells.
Your spell library was empty.

Dungeon Overview and Level Annotations

Branches:
Dungeon (3/15)              Sewer (1/1)

Altars:
Hepliaklqana


Message History

* * * LOW HITPOINT WARNING * * *
You hit the river rat but do no damage.
You feel sick. The river rat misses you.
You feel better. The river rat bites you!
* * * LOW HITPOINT WARNING * * *
You hit the river rat.
The river rat is moderately wounded.
The river rat barely misses you. The river rat bites you.
* * * LOW HITPOINT WARNING * * *
You closely miss the river rat.
The river rat is moderately wounded.
The river rat bites you but does no damage.
You are confused.
You feel invigorated. The river rat closely misses you.
The river rat completely misses you. The river rat bites you!
* * * LOW HITPOINT WARNING * * *
You feel less invigorated.
You feel less confused. The river rat misses you.
The river rat barely misses you.
You hit the river rat.
The river rat is severely wounded.
The river rat bites you!
* * * LOW HITPOINT WARNING * * *
The river rat barely misses you.
You closely miss the river rat.
The river rat is severely wounded.
The river rat closely misses you.
You barely miss the river rat.
The river rat is severely wounded.
The river rat barely misses you.
You completely miss the river rat.
The river rat is severely wounded.
The river rat misses you. The river rat bites you.
* * * LOW HITPOINT WARNING * * *
You closely miss the river rat.
The river rat is severely wounded.
The river rat bites you.
You die...

#####
#∩..##
##.@..##
#∩..r..#
#......#
##.....#
#....##
##..##
#..#
#...
#..#


You could see a river rat.

Vanquished Creatures
  An orc wizard (D:3)
  An adder (Sewer)
  2 worms (D:2)
  2 dart slugs (D:1)
  3 orcs (D:3)
  A ball python (Sewer)
  3 bats (D:1)
  4 endoplasms
  7 giant cockroaches
  3 hobgoblins
  4 kobolds
  5 quokkas
  A frilled lizard (D:1)
  4 goblins
  2 rats
43 creatures vanquished.

Notes
Turn   | Place    | Note
-------+----------+-------------------------------------------
     0 | D:1      | Martska the Human Monk began the quest for the Orb.
     0 | D:1      | Reached XP level 1. HP: 18/18 MP: 1/1
   139 | D:1      | Reached XP level 2. HP: 24/24 MP: 2/2
   714 | D:1      | Reached XP level 3. HP: 28/29 MP: 3/3
  1133 | D:2      | Found a hazy altar of Hepliaklqana.
  1530 | D:2      | Reached skill level 1 in Stealth
  1980 | D:2      | Found a faded altar of an unknown god.
  2077 | D:3      | Reached XP level 4. HP: 17/36 MP: 4/4
  2250 | D:3      | Found a glowing drain.
  2431 | Sewer    | Entered a sewer
  2458 | Sewer    | HP: 1/37 [river rat (6)]
  2459 | Sewer    | Slain by a river rat

Illustrated notes

Levels and vault maps discovered:
D:1:      nicolae_arrival_washed_ashore, layout_loops_corners
D:2:      layout_basic, basic_altar, shapermc_ecumenical_altar_pompeii,
          hangedman_glass_teeth, minmay_bisected
D:3:      layout_loops_cross, general_overflow_altar, fedhas_ov_isle_minmay,
          portal_sewer_entry_f, hex_medium
Sewer:    sewer_fruit_machine

Skill      XL: |  1  2  3 |
---------------+----------+-----
Stealth        | 1 |  1.3
Fighting       | |  3.8
Dodging        | |  3.8
Unarmed Combat | |  3.7

Action                     |  1- 3 |  4- 6 || total
---------------------------+-------+-------++-------
  Melee: Unarmed           |    16 |       ||    16
         Dagger            |    77 |       ||    77
         Punch             |     3 |     1 ||     4
         Mace              |    64 |    79 ||   143
    Use: Scroll            |     1 |     1 ||     2
         Potion            |       |     2 ||     2
   Stab: Sleeping          |     2 |       ||     2
 Armour: Robe              |    26 |       ||    26
         Leather armour    |     9 |    44 ||    53
  Dodge: Dodged            |    89 |   137 ||   226
